Unix NetHack Version 5.0.0-0 post-release - last build May  4 2026 22:22:43 (774f63e81ad911689b3a0859ea89b322d5daca8d,branch:main).

Game began 2026-05-08 06:45:58, ended 2026-05-08 07:08:25.

01246791210, neutral male human Barbarian

                                                            ---
                                                          ---.--
                                                         |.....|    ......
                                                         .@--..--   ......
                                                         .#h -..|   .<....
                                                             --.|   --....
                                                              |.--   |...
                                                           --.|...|  |!..
                                                           |......|  |....
                                                           |......|  --...
                                                           --.....-----.|.
                                                            ---.........|
                                                              -----------

01246791210 the Pillager   St:17 Dx:18 Co:18 In:8 Wi:8 Ch:6  Neutral
Dlvl:4  $:61 HP:0(44) Pw:9(9) AC:7  Xp:4 T:2251  Burdened

Latest messages:
 The gnome escapes upstairs!
 You see here an emerald potion.
 You see here an emerald potion.
 You have trouble lifting an emerald potion.  Continue? [ynq] (q) n
 You hear a chugging sound.
 The gnome lord hits!
 You kill the gnome lord!
 Welcome to experience level 4.
 You see here a gnome lord corpse.
 You see here a gnome lord corpse.
 You have much trouble lifting a gnome lord corpse.  Continue? [ynq] (q) n
 There is a gnome lord corpse here; eat it? [ynq] (n) y
 This gnome lord corpse is fatty.
 You hear crashing rock.
 You hear crashing rock.
 You finish eating the gnome lord corpse.
 What do you want to eat? [dgj or ?*] <space>
 Never mind.
 You hear crashing rock.
 The dwarf swings her pick-axe.
 The dwarf hits!
 You miss the dwarf.
 The dwarf swings her pick-axe.
 The dwarf hits!
 The dwarf swings her pick-axe.
 The dwarf hits!
 You smite the dwarf!
 You kill the dwarf!
 There are several objects here.
 The dwarf thrusts his dagger.
 The dwarf hits!
 You have trouble lifting a pair of iron shoes.  Continue? [ynq] (q) n
 You have a little trouble lifting B - a dwarvish cloak.
 You have trouble lifting a bronze plate mail.  Continue? [ynq] (q) n
 You have much trouble lifting a dwarf corpse.  Continue? [ynq] (q) n
 You have trouble lifting a pick-axe.  Continue? [ynq] (q) n
 You have trouble lifting 19 rocks.  Continue? [ynq] (q) n
 The dwarf thrusts his dagger.
 The dwarf hits!
 There is a dwarf corpse here; eat it? [ynq] (n) y
 This dwarf corpse is gamey.
 You stop eating the dwarf corpse.
 The dwarf thrusts his dagger.
 The dwarf hits!
 You die...
 Do you want your possessions identified? [ynq] (y) y
 Do you want to see your attributes? [ynq] (y) n
 Do you want an account of creatures vanquished? [ynaq] (y) n
 Do you want to see your conduct and achievements? [ynq] (y) n
 Do you want to see the dungeon overview? [ynq] (y) n

Inventory:
 Coins    ('$')
  $ - 61 gold pieces
 Weapons  (')')
  s - a +1 arrow
  r - a +0 arrow
  w - a cursed +0 dagger
  v - a blessed +0 orcish dagger
  b - a +0 axe (alternate weapon; not wielded)
  x - a +0 club
  a - a +0 two-handed sword (weapon in hands)
  n - a +0 bec de corbin
 Armor    ('[')
  u - an uncursed +0 orcish helm
  y - an uncursed +0 pair of iron shoes
  z - an uncursed +0 dwarvish cloak
  B - an uncursed +0 dwarvish cloak
  c - an uncursed +0 ring mail (being worn)
 Comestibles  ('%')
  j - 2 uncursed cram rations
  d - 2 uncursed food rations
  g - 2 uncursed lichen corpses
 Scrolls  ('?')
  t - an uncursed scroll of earth
  m - a blessed scroll of enchant armor
 Potions  ('!')
  f - a cursed potion of levitation
 Rings    ('=')
  l - an uncursed ring of poison resistance
  A - an uncursed ring of regeneration
 Tools    ('(')
  e - an uncursed oil lamp
  h - a cursed tallow candle
  o - an uncursed tin whistle
 Gems/Stones  ('*')
  i - a cursed loadstone

01246791210 the Barbarian's attributes:

Background:
 You were a Pillager, a level 4 male human Barbarian.
 You were neutral, nominally on a mission for Crom
 who was opposed by Mitra (lawful) and Set (chaotic).
 You were right-handed.
 You were in the Gnomish Mines, on level 4.
 You entered the dungeon 2251 turns ago.
 You had 104 experience points, 56 more were needed to attain level 5.

Basics:
 You had 0 out of 44 hit points.
 You had all 9 energy points (spell power).
 Your armor class was 7.
 Your wallet contained 61 zorkmids.
 Autopickup was off.

Final Characteristics:
 Your strength was 17 (limit:18/100).
 Your dexterity was 18 (limit:18).
 Your constitution was 18 (limit:18).
 Your intelligence was 8 (limit:18).
 Your wisdom was 8 (limit:18).
 Your charisma was 6 (limit:18).

Final Status:
 You weren't hungry.
 You were burdened; movement was slightly slowed.
 You were wielding a two-handed sword.
 You had basic skill with two-handed sword.

Final Attributes:
 You were piously aligned.
 You were poison resistant.
 You were warded.
 You are dead.

Miscellaneous:
 You didn't encounter any bones levels.
 Total elapsed playing time was 22 minutes and 22 seconds.

Major events:
 Turn
    1: 01246791210 the neutral male human Barbarian entered the dungeon
 1225: entered the Gnomish Mines
 1685: attained the rank of Pillager (level 3)
 2251: killed by a dwarf

You didn't know any spells.

Skills:
 Fighting Skills
   bare handed combat [Basic]
   two weapon combat  [Unskilled]
   riding             [Unskilled]
 Weapon Skills
   dagger             [Unskilled]
   axe                [Basic]
   pick-axe           [Unskilled]
   short sword        [Unskilled]
   broadsword         [Unskilled]
   long sword         [Unskilled]
   two-handed sword   [Basic]
   saber              [Unskilled]
   club               [Unskilled]
   mace               [Unskilled]
   morning star       [Unskilled]
   flail              [Unskilled]
   hammer             [Unskilled]
   quarterstaff       [Unskilled]
   spear              [Unskilled]
   trident            [Unskilled]
   bow                [Unskilled]
 Spellcasting Skills
   attack spells      [Unskilled]
   escape spells      [Unskilled]

Voluntary challenges:
 Character rerolling was not enabled.
 You were an atheist.
 You were illiterate.
 You never genocided any monsters.
 You never polymorphed an object.
 You never changed form.
 You used no wishes.
Achievements:
 You entered a shop.
 You entered the Gnomish Mines.
 You attained the rank of Pillager.

 The Dungeons of Doom: levels 1 to 3
    Level 1:
    Level 2:
       A general store, a fountain.
       Stairs down to The Gnomish Mines.
    Level 3:
       Some fountains.
 The Gnomish Mines: levels 3 to 4
    Level 3:
    Level 4: <- You were here.
       Final resting place for
          you, killed by a dwarf.


Vanquished creatures:
  a gnome leader
  2 dwarves
  a gas spore
  a giant rat
  2 cave spiders
  a brown mold
  a green mold
  3 gnomes
  2 geckos
  4 jackals
  2 foxes
  3 kobolds
  4 goblins
  a sewer rat
 11 grid bugs
  a bat
  3 lichens
  5 newts
48 creatures vanquished.

No species were genocided or became extinct.

Game over:
                       ----------
                      /          \
                     /    REST    \
                    /      IN      \
                   /     PEACE      \
                  /                  \
                  |   01246791210    |
                  |      61 Au       |
                  |   killed by a    |
                  |      dwarf       |
                  |                  |
                  |                  |
                  |       2026       |
                 *|     *  *  *      | *
        _________)/\\_//(\/(/\)/\//\/|_)_______

Goodbye 01246791210 the Barbarian...

You died in The Gnomish Mines on dungeon level 4 with 621 points,
and 61 pieces of gold, after 2251 moves.
You were level 4 with a maximum of 44 hit points when you died.

